 Dungeon Crawl Stone Soup version 0.26.0-8-g74fc34ddfb (webtiles) character file.

Game seed: 4314503769030521665

385 lastplaneout the Sneak (level 6, -7/28 HPs)
             Began as a Felid Monk on Jan 13, 2021.
             Was a Believer of Makhleb.
             Mangled by Duvessa
             ... wielding a +0 short sword
              (16 damage)
             ... on level 4 of the Dungeon.
             The game lasted 00:11:04 (4512 turns).

lastplaneout the Sneak (Felid Monk)                 Turns: 4512, Time: 00:11:05

Health: -7/28      AC:  2    Str:  9    XL:     6   Next: 48%
Magic:  7/7        EV: 21    Int: 11    God:    Makhleb [**....]
Gold:   217        SH:  5    Dex: 19    Spells: 5/5 levels left
                                        Lives:  0   Deaths: 1

rFire    . . .     SeeInvis +     - Unarmed
rCold    + . .     Faith    .   (shield unavailable)
rNeg     . . .     Spirit   .   (armour unavailable)
rPois    .         Reflect  +   (helmet unavailable)
rElec    .         Harm     .   (cloak unavailable)
rCorr    .         Rampage  .   (gloves unavailable)
Will     .....     Rnd*Rage +   (boots unavailable)
Stlth    ++++......             f - amulet of reflection
HPRegen  0.09/turn              (no ring)
MPRegen  0.10/turn              (no ring)

@: quick
A: very small, no armour, no weapons or thrown items, stealth, claws 1, fangs 3,
see invisible, berserk 1, cold resistance 1, speed 1, shaggy fur 2, MP-powered
wands, sharp paws
a: Renounce Religion, Minor Destruction


You were on level 4 of the Dungeon.
You worshipped Makhleb.
Makhleb was pleased with you.
You visited 2 branches of the dungeon, and saw 5 of its levels.

You collected 217 gold pieces.

Inventory:

Jewellery
 f - an amulet of reflection (around neck)
Scrolls
 a - 3 scrolls of immolation
 b - a scroll of magic mapping
 d - a scroll of enchant armour {unknown}
 g - a scroll of amnesia
 k - 2 scrolls of fear {unknown}
 l - 3 scrolls of teleportation
Potions
 c - a potion of haste {unknown}
 e - a potion of attraction {unknown}
 h - a potion of cancellation {unknown}
 j - a potion of resistance {unknown}


   Skills:
 - Level 3.0 Fighting
 + Level 5.5 Dodging
 + Level 6.4 Stealth
 + Level 5.8 Unarmed Combat


You had 5 spell levels left.
You didn't know any spells.
Your spell library contained the following spells:

 Spells                   Type           Power        Failure   Level
 Summon Small Mammal      Summ           0%           34%         1
 Call Imp                 Summ           0%           47%         2
 Call Canine Familiar     Summ           0%           71%         3
 Confusing Touch          Hex            0%           71%         3
 Gell's Gravitas          Tloc           0%           71%         3
 Summon Guardian Golem    Hex/Summ       0%           71%         3
 Petrify                  Tmut/Erth      0%           98%         4
 Summon Ice Beast         Ice/Summ       0%           98%         4
 Summon Lightning Spire   Summ/Air       0%           98%         4
 Metabolic Englaciation   Hex/Ice        0%           100%        5
 Yara's Violent Unravell  Hex/Tmut       0%           100%        5


Dungeon Overview and Level Annotations

Branches:
Dungeon (4/15)             Temple (1/1) D:4

Altars:
Dithmenos
Elyvilon
Makhleb
Zin

Annotations:
D:4 Duvessa


Innate Abilities, Weirdness & Mutations

You cannot wear armour.
You are incapable of wielding weapons or throwing items.
Your paws allow you to move quietly. (Stealth)
You have sharp claws.
You have razor-sharp teeth.
You have supernaturally acute eyesight. (SInv)
You cover ground quickly.
You are covered in thick fur. (AC +2)
Your sharp claws are effective at attacking unaware monsters.
You tend to lose your temper in combat.
Your flesh is cold resistant. (rC+)
You expend magic power (3 MP) to strengthen your wands.


Message History

Dowan is almost dead.
Dowan barely misses you.
You completely miss Dowan. Your bite misses Dowan.
Dowan is almost dead.
Dowan barely misses you.
You claw Dowan!
You kill Dowan!
Makhleb accepts your kill.
Duvessa screams, "No!
How DARE you!"
Duvessa goes berserk!
Duvessa rages.
You barely miss Duvessa. Duvessa hits you with a +0 short sword!
Ouch! That really hurt!
You block Duvessa's attack.
Duvessa rages.
Duvessa hits you with a +0 short sword.
Duvessa rages.
Duvessa hits you with a +0 short sword!
Ouch! That really hurt!
You die...

..# ##.#.#.....# ..# #...#....#
..# ###.......# #
..##......#....###########.#..#
..##.##..>.......#.......)....#
<.# #.#.####.###.#######.#..#
.## #...##...# #.# # .
######.#####S##### #
#....@e.....# ######.####.#
#........ #####.###


You could see Duvessa (berserk) and an adder.

Vanquished Creatures
  A centaur (D:3)
  Dowan (D:4)
  An orc priest (D:3)
  Crazy Yiuf (D:4)
  A bullfrog skeleton (D:4)
  2 worker ants (D:4)
  2 hound skeletons (D:4)
  6 adders
  An ooze (D:1)
  2 dart slugs (D:1)
  A leopard gecko (D:2)
  12 orcs (D:3)
  4 ball pythons
  4 giant cockroaches
  12 goblins
  7 hobgoblins
  9 jackals
  A quokka (D:2)
  10 bats
  10 frilled lizards
  5 kobolds
  8 rats
101 creatures vanquished.

Notes
Turn   | Place    | Note
-------+----------+-------------------------------------------
     0 | D:1      | lastplaneout the Felid Monk began the quest for the Orb.
     0 | D:1      | Reached XP level 1. HP: 10/10 MP: 2/2
    31 | D:1      | Reached XP level 2. HP: 13/14 MP: 3/3
    33 | D:1      | Reached skill level 3 in Stealth
   265 | D:1      | Reached XP level 3. HP: 15/17 MP: 4/4
  1257 | D:2      | Reached skill level 4 in Stealth
  1292 | D:2      | Reached XP level 4. HP: 21/21 MP: 5/5
  2629 | D:3      | Gained mutation: Your flesh is cold resistant. (rC+)
                  | [potion of mutation]
  2629 | D:3      | Gained mutation: You tend to lose your temper in combat.
                  | [potion of mutation]
  2629 | D:3      | Gained mutation: You expend magic power (3 MP) to
                  | strengthen your wands. [potion of mutation]
  2690 | D:3      | Killed from afar by an orc priest
  2691 | D:3      | Reached XP level 3. HP: -2/17 MP: 4/4
  2762 | D:3      | Noticed a centaur
  2768 | D:3      | Killed a centaur
  2769 | D:3      | Reached skill level 5 in Dodging
  2769 | D:3      | Reached skill level 5 in Stealth
  2769 | D:3      | Reached XP level 4. HP: 17/21 MP: 5/5
  2769 | D:3      | Reached XP level 5. HP: 20/24 MP: 6/6
  3395 | D:3      | Reached skill level 5 in Unarmed Combat
  3837 | D:4      | Reached skill level 6 in Stealth
  4041 | D:4      | Gained mutation: You are covered in thick fur. (AC +2)
                  | [Felid growth]
  4041 | D:4      | Reached XP level 6. HP: 28/28 MP: 7/7
  4075 | D:4      | Found a runed translucent door.
  4076 | D:4      | Noticed Crazy Yiuf
  4092 | D:4      | Killed Crazy Yiuf
  4304 | D:4      | Found a staircase to the Ecumenical Temple.
  4385 | Temple   | Entered the Ecumenical Temple
  4423 | Temple   | Became a worshipper of Makhleb the Destroyer
  4423 | Temple   | Reached * piety under Makhleb
  4423 | Temple   | Reached ** piety under Makhleb
  4487 | D:4      | Noticed Dowan
  4493 | D:4      | Noticed Duvessa
  4501 | D:4      | Killed Dowan
  4512 | D:4      | Mangled by Duvessa

Illustrated notes

Levels and vault maps discovered:
D:1:      elethiomel_arrival_quiet, layout_basic
D:2:      layout_loops_corners, minivault_27
D:3:      minmay_inner_zag, layout_basic
D:4:      layout_basic, minmay_temple_entry_offerings, uniq_duvessa,
          uniq_crazy_yiuf_cottage
Temple:   dpeg_five_rooms_temple

Skill      XL: |  1  2  3  4  5 |
---------------+----------------+-----
Stealth        | 3 5 6 |  6.4
Unarmed Combat | 4 5 |  5.8
Dodging        | 5 |  5.5
Fighting       | |  3.0

Action                   |  1- 3 |  4- 6 || total
-------------------------+-------+-------++-------
Melee: Unarmed           |    99 |   153 ||   252
       Bite              |     8 |    16 ||    24
       Punch             |       |     4 ||     4
  Use: Scroll            |     3 |     6 ||     9
       Potion            |       |     2 ||     2
 Stab: Sleeping          |    14 |    16 ||    30
       Distracted        |       |     1 ||     1
Armor: Skin              |     3 |     4 ||     7
Dodge: Dodged            |    72 |    85 ||   157
Block: Other             |       |    19 ||    19
